 Dungeon Crawl Stone Soup version 0.18.1-50-g88ac8fd (webtiles) character file.

44 DaminKnight the Shooter (level 3, -2/31 HPs)
             Began as a Gargoyle Hunter on Sept 20, 2016.
             Killed from afar by Sigmund (8 damage)
             ... with a puff of flame
             ... on level 2 of the Dungeon.
             The game lasted 00:11:02 (1542 turns).

DaminKnight the Shooter (Gargoyle Hunter)           Turns: 1542, Time: 00:11:02

Health: -2/31      AC: 21    Str: 15    XL:     3   Next: 62%
Magic:  3/3        EV:  2    Int: 11    God:
Gold:   44         SH:  0    Dex: 15    Spells: 0 memorised, 2 levels left

rFire  . . .     SeeInvis .     a - +1 shortbow
rCold  . . .     Gourm    .     (armour currently unavailable)
rNeg   + + +     Faith    .     (shield currently unavailable)
rPois  ∞         Spirit   .     (helmet currently unavailable)
rElec  .         Dismiss  .     (cloak currently unavailable)
rCorr  .         Reflect  .     (gloves currently unavailable)
SustAt .         Harm     .     (boots currently unavailable)
MR     .....     NoTele   +     (no amulet)
Stlth  +.........               (no ring)
                                e - +4 ring of dexterity

@: confused, tree-form, not resistant to hostile enchantments, very unstealthy
A: negative energy resistance 1, (electricity resistance), (unbreathing),
petrification resistance, rot immunity, AC +3
a: no special abilities


You were on level 2 of the Dungeon.
You were hungry.
You were a tree.
You visited 1 branch of the dungeon, and saw 2 of its levels.

You collected 44 gold pieces.

Inventory:

Hand Weapons
 a - a +1 shortbow (weapon)
 b - a +0 short sword
Missiles
 d - 7 arrows (quivered)
Armour
 c - a +0 leather armour (melded)
 g - a +0 ring mail
Jewellery
 e - a +4 ring of dexterity (left branch)
Scrolls
 i - a scroll of immolation {unknown}
 k - a scroll of enchant weapon {unknown}
 l - a scroll of fear {unknown}
 m - a scroll of random uselessness {unknown}
 n - a scroll of identify {unknown}
Comestibles
 f - a bread ration
 j - a beef jerky


   Skills:
 - Level 2.2 Fighting
 + Level 4.5 Bows
 + Level 1.3 Armour
 - Level 1.5 Dodging
 + Level 2.4 Stealth


You had 2 spell levels left.
You didn't know any spells.

Dungeon Overview and Level Annotations

Branches:
Dungeon (2/15)

Altars:

Annotations:
D:2 Sigmund


Innate Abilities, Weirdness & Mutations

You are resistant to torment.
((Your stone body is resilient (AC +3).))
You are immune to poison.
You resist negative energy.
((You are resistant to electric shocks.))
((You can survive without breathing.))
You are immune to petrification.
You are immune to rotting.


Message History

Press: ? - help, Shift-Dir - straight line, f/p - Sigmund
Aim: Sigmund, wielding a scythe and wearing a robe (severely wounded, fast)
You shoot an arrow. The arrow closely misses Sigmund.
Sigmund casts a spell at you.
You are confused.
Sigmund hits you from afar with a scythe.
Firing (i - inventory):
d - 8 arrows (quivered)
Press: ? - help, Shift-Dir - straight line, f/p - Sigmund
Aim: Sigmund, wielding a scythe and wearing a robe (severely wounded, fast)
You shoot an arrow.
Sigmund points at you and mumbles some strange words.
The puff of flame hits you!
* * * LOW HITPOINT WARNING * * *
The worm bites you but does no damage.
It was a potion of lignification.
You turn into a tree.
Your +0 leather armour melds into your body.
Your roots penetrate the ground.
Sigmund casts a spell at you. The puff of flame hits you!
You die...

#. .. # .###.#
#.# ....# ..
... #.##.#
#...<#
#...##.# #.
#.# #♣#
#....(w.@#
#......(.((.
#........###..
#....(..[#
#........#
#.....(..#
#........#


You could see Sigmund and a worm.

Vanquished Creatures
  A gnoll (D:1)
  2 dart slugs (D:1)
  A giant cockroach (D:1)
  2 goblins (D:1)
  2 hobgoblins (D:1)
  8 jackals
  5 bats (D:1)
  4 giant newts (D:1)
  A kobold (D:1)
  3 rats (D:1)
29 creatures vanquished.

Notes
Turn   | Place    | Note
--------------------------------------------------------------
     0 | D:1      | DaminKnight the Gargoyle Hunter began the quest for the Orb.
     0 | D:1      | Reached XP level 1. HP: 12/12 MP: 1/1
   408 | D:1      | Reached XP level 2. HP: 17/17 MP: 2/2
   525 | D:1      | Reached XP level 3. HP: 13/21 MP: 3/3
   787 | D:1      | Reached skill level 1 in Armour
  1532 | D:2      | Noticed Sigmund
  1542 | D:2      | Killed from afar by Sigmund

Skill      XL: |  1  2  3 |
---------------+----------+-----
Stealth        | 2 |  2.4
Armour         | 1 |  1.3
Fighting       | |  2.2
Bows           | |  4.5
Dodging        | |  1.5

Action                   || total
-------------------------++-------
 Fire: Shortbow          ||    83
  Use: Potion            ||     1
  Eat: Chunk             ||     1
Armor: Leather armour    ||    16
Dodge: Dodged            ||    32
